ITL
TRENTON STARS @ HAVANA ROLLERS
06/07/2028
 
TOP OF THE 1ST
Trenton Stars batting - Pitching for Havana Rollers : LHP Dennis Taylor
Pitching: LHP Dennis Taylor
Batting: SHB Nick Marshall 0-0: Ball
1-0: Foul Ball, location: 2F
1-1: Ball
2-1: Called Strike
2-2: Strikes out swinging
Batting: RHB Leonardo Pinto 0-0: Called Strike
0-1: TRIPLE (Line Drive, 8RXD)
Batting: RHB Randy Simons 0-0: Foul Ball, location: 2F
0-1: Ball
1-1: Ball
2-1: Swinging Strike
2-2: Strikes out looking
Batting: RHB Rafael Canales 0-0: Ball
1-0: Foul Ball, location: 2F
1-1: Foul Ball, location: 2F
1-2: Strikes out looking
Top of the 1st over - 0 run(s), 1 hit(s), 0 error(s), 1 left on base; Trenton 0 - Havana 0
BOTTOM OF THE 1ST
Havana Rollers batting - Pitching for Trenton Stars : RHP Juan Vázquez
Pitching: RHP Juan Vázquez
Batting: RHB Jesús Villalobos 0-0: Swinging Strike
0-1: Ball
1-1: Ball
2-1: SINGLE (Line Drive, 5D)
Batting: RHB Francisco Rincón 0-0: Ball
1-0: Foul Ball, location: 2F
1-1: Swinging Strike
1-2: Ball
2-2: Strikes out swinging
Batting: SHB Pepe Piña 0-0: Called Strike
Jesús Villalobos steals 2nd base
0-1: Swinging Strike
0-2: Ball
1-2: Foul Ball, location: 2F
1-2: Ball
2-2: Foul Ball, location: 2F
2-2: Fly out, F8 (Flyball, 8RM)
Batting: RHB Brant Sherman 0-0: Swinging Strike
0-1: Called Strike
0-2: Hit by Pitch
Batting: SHB Yasuhiro Ikarashi 0-0: Foul Ball, location: 2F
0-1: Ground out 5-3 (Groundball, 56S)
Bottom of the 1st over - 0 run(s), 1 hit(s), 0 error(s), 2 left on base; Trenton 0 - Havana 0
TOP OF THE 2ND
Trenton Stars batting - Pitching for Havana Rollers : LHP Dennis Taylor
Batting: LHB Ricardo Brandariz 0-0: Ground out 6-3 (Groundball, 6)
Batting: RHB Jesús Dávila 0-0: Ball
1-0: Ball
2-0: Ground out 4-3 (Groundball, 4M)
Batting: LHB Jeff Gordon 0-0: Ball
1-0: Swinging Strike
1-1: Swinging Strike
1-2: Ball
2-2: Ball
3-2: Foul Ball, location: 2F
3-2: Fly out, F8 (Flyball, 8RS)
Top of the 2nd over - 0 run(s), 0 hit(s), 0 error(s), 0 left on base; Trenton 0 - Havana 0
BOTTOM OF THE 2ND
Havana Rollers batting - Pitching for Trenton Stars : RHP Juan Vázquez
Batting: RHB León Rivera 0-0: Ground out 6-3 (Groundball, 6)
Batting: LHB Zhi-huan Loong 0-0: Swinging Strike
0-1: Foul Ball, location: 2F
0-2: Strikes out swinging
Batting: RHB Chad Case 0-0: Ball
1-0: Ball
2-0: Called Strike
2-1: DOUBLE (Flyball, 89M)
Batting: LHB José Torres 0-0: Ball
1-0: Called Strike
1-1: Foul Ball, location: 2F
1-2: Ball
2-2: Hit by Pitch
Batting: RHB Jesús Villalobos 0-0: 3-RUN HOME RUN (Flyball, 7LD), Distance : 353 ft
Batting: RHB Francisco Rincón 0-0: Ball
1-0: Ball
2-0: Ball
3-0: Called Strike
3-1: Base on Balls
Batting: SHB Pepe Piña 0-0: Ball
1-0: Ball
2-0: Ball
3-0: Base on Balls
Francisco Rincón to second
Batting: RHB Brant Sherman 0-0: Called Strike
0-1: Ball
Wild Pitch!
Francisco Rincón to third
Pepe Piña to second
1-1: Foul Ball, location: 2F
1-2: Foul Ball, location: 2F
1-2: Ground out 4-3 (Groundball, 4MS)
Bottom of the 2nd over - 3 run(s), 2 hit(s), 0 error(s), 2 left on base; Trenton 0 - Havana 3
TOP OF THE 3RD
Trenton Stars batting - Pitching for Havana Rollers : LHP Dennis Taylor
Batting: RHB Gabriel Villegas 0-0: Called Strike
0-1: Ball
1-1: Ball
2-1: Foul Ball, location: 2F
2-2: Ball
3-2: Foul Ball, location: 2F
3-2: Strikes out swinging
Batting: RHB Kenji Murayama 0-0: Called Strike
0-1: Ground out 5-3 (Groundball, 5S)
Batting: SHB Nick Marshall 0-0: Foul Ball, location: 2F
0-1: Ball
1-1: Ground out 5-3 (Groundball, 56)
Top of the 3rd over - 0 run(s), 0 hit(s), 0 error(s), 0 left on base; Trenton 0 - Havana 3
BOTTOM OF THE 3RD
Havana Rollers batting - Pitching for Trenton Stars : RHP Juan Vázquez
Batting: SHB Yasuhiro Ikarashi 0-0: Called Strike
0-1: Ball
1-1: Called Strike
1-2: Ball
2-2: Strikes out swinging
Batting: RHB León Rivera 0-0: Ball
1-0: Called Strike
1-1: Ball
2-1: Ball
3-1: Ground out 6-3 (Groundball, 6S)
Batting: LHB Zhi-huan Loong 0-0: Swinging Strike
0-1: Ball
1-1: Foul Ball, location: 2F
1-2: Strikes out looking
Bottom of the 3rd over - 0 run(s), 0 hit(s), 0 error(s), 0 left on base; Trenton 0 - Havana 3
TOP OF THE 4TH
Trenton Stars batting - Pitching for Havana Rollers : LHP Dennis Taylor
Batting: RHB Leonardo Pinto 0-0: Ball
1-0: Ball
2-0: Foul Ball, location: 2F
2-1: SINGLE (Groundball, 6MD)
Batting: RHB Randy Simons 0-0: Ball
1-0: Foul Ball, location: 2F
1-1: Grounds into double play, 5-4-3 (Groundball, 56)
Batting: RHB Rafael Canales 0-0: Swinging Strike
0-1: Swinging Strike
0-2: SOLO HOME RUN (Flyball, 78XD), Distance : 424 ft
Batting: LHB Ricardo Brandariz 0-0: Ball
1-0: Fly out, F7 (Flyball, 78M)
Top of the 4th over - 1 run(s), 2 hit(s), 0 error(s), 0 left on base; Trenton 1 - Havana 3
BOTTOM OF THE 4TH
Havana Rollers batting - Pitching for Trenton Stars : RHP Juan Vázquez
Batting: RHB Chad Case 0-0: Called Strike
0-1: Ball
1-1: Ball
2-1: Ball
3-1: Base on Balls
Batting: LHB José Torres 0-0: Swinging Strike
0-1: Foul Ball, location: 2F
0-2: Strikes out swinging
Batting: RHB Jesús Villalobos 0-0: Called Strike
0-1: Fly out, F7 (Line Drive, 78S)
Batting: RHB Francisco Rincón 0-0: Ball
1-0: Ball
2-0: Ball
3-0: Called Strike
3-1: Base on Balls
Chad Case to second
Batting: SHB Pepe Piña 0-0: DOUBLE (Line Drive, 78D)
Chad Case scores
Francisco Rincón to third
Runner from 3rd tries for Home, throw and OUT!
Bottom of the 4th over - 1 run(s), 1 hit(s), 0 error(s), 1 left on base; Trenton 1 - Havana 4
TOP OF THE 5TH
Trenton Stars batting - Pitching for Havana Rollers : LHP Dennis Taylor
Batting: RHB Jesús Dávila 0-0: Foul Ball, location: 2F
0-1: Ball
1-1: Fly out, F8 (Flyball, 8LXD)
Batting: LHB Jeff Gordon 0-0: Called Strike
0-1: Ground out 1-3 (Groundball, 15S)
Batting: RHB Gabriel Villegas 0-0: Ball
1-0: Ball
2-0: Called Strike
2-1: Fly out, F7 (Flyball, 78M)
Top of the 5th over - 0 run(s), 0 hit(s), 0 error(s), 0 left on base; Trenton 1 - Havana 4
BOTTOM OF THE 5TH
Havana Rollers batting - Pitching for Trenton Stars : RHP Juan Vázquez
Batting: RHB Brant Sherman 0-0: Ball
1-0: Ball
2-0: Called Strike
2-1: Ball
3-1: SOLO HOME RUN (Flyball, 9LD), Distance : 363 ft
Pitching: RHP José Gómez
Batting: SHB Yasuhiro Ikarashi 0-0: Ball
1-0: SINGLE (Line Drive, 78M)
Batting: RHB León Rivera 0-0: Fly out, F8 (Flyball, 8LM)
Batting: LHB Zhi-huan Loong 0-0: SINGLE (Groundball, 6D)
Yasuhiro Ikarashi to second
Batting: RHB Chad Case 0-0: Foul Ball, location: 2F
0-1: Ball
1-1: Foul Ball, location: 2F
1-2: Ball
2-2: Strikes out swinging
Batting: LHB José Torres 0-0: Called Strike
Zhi-huan Loong steals 2nd base
Yasuhiro Ikarashi to third
0-1: Ball
1-1: Ball
2-1: Called Strike
2-2: TRIPLE (Flyball, 89D)
Yasuhiro Ikarashi scores
Zhi-huan Loong scores
Batting: RHB Jesús Villalobos 0-0: Swinging Strike
0-1: Ball
1-1: Called Strike
1-2: Ball
2-2: Ball
3-2: Strikes out swinging
Bottom of the 5th over - 3 run(s), 4 hit(s), 0 error(s), 1 left on base; Trenton 1 - Havana 7
TOP OF THE 6TH
Trenton Stars batting - Pitching for Havana Rollers : LHP Dennis Taylor
Batting: RHB Kenji Murayama 0-0: Ball
1-0: Ball
2-0: Ball
3-0: Called Strike
3-1: Swinging Strike
3-2: Base on Balls
Batting: SHB Nick Marshall 0-0: Called Strike
0-1: 2-RUN HOME RUN (Flyball, 8LXD), Distance : 430 ft
Batting: RHB Leonardo Pinto 0-0: Ball
1-0: Foul Ball, location: 2F
1-1: Foul Ball, location: 2F
1-2: Strikes out swinging
Batting: RHB Randy Simons 0-0: Called Strike
0-1: Foul Ball, location: 2F
0-2: Foul Ball, location: 2F
0-2: Ball
1-2: Ball
2-2: Strikes out swinging
Batting: RHB Rafael Canales 0-0: SINGLE (Line Drive, 7S)
Batting: LHB Ricardo Brandariz 0-0: Swinging Strike
0-1: Ball
1-1: Ball
2-1: SINGLE (Line Drive, 89S)
Rafael Canales to second
Batting: RHB Jesús Dávila 0-0: Ball
1-0: Ball
2-0: Called Strike
2-1: Swinging Strike
2-2: Foul Ball, location: 2F
2-2: Fly out, F8 (Flyball, 8LM)
Top of the 6th over - 2 run(s), 3 hit(s), 0 error(s), 2 left on base; Trenton 3 - Havana 7
BOTTOM OF THE 6TH
Havana Rollers batting - Pitching for Trenton Stars : RHP José Gómez
Pitching: LHP José Alaniz
Batting: RHB Francisco Rincón 0-0: Ball
1-0: Ball
2-0: Foul Ball, location: 2F
2-1: Ball
3-1: SINGLE (Groundball, 6MD)
Batting: SHB Pepe Piña 0-0: Called Strike
0-1: Ball
1-1: SINGLE (Line Drive, 6MD)
Francisco Rincón to second
Batting: RHB Brant Sherman 0-0: Ball
1-0: Ball
2-0: Foul Ball, location: 2F
2-1: Swinging Strike
2-2: Strikes out swinging
Batting: SHB Yasuhiro Ikarashi 0-0: Ball
1-0: Ball
2-0: Ball
3-0: Base on Balls
Francisco Rincón to third
Pepe Piña to second
Batting: RHB León Rivera 0-0: Ball
1-0: SINGLE (Groundball, 4MD)
Francisco Rincón scores
Pepe Piña to third
Yasuhiro Ikarashi to second
Runner from 3rd tries for Home, SAFE, throw made home
Yasuhiro Ikarashi to third
León Rivera to second
Batting: LHB Zhi-huan Loong 0-0: Ball
1-0: Ball
2-0: Ball
3-0: Called Strike
3-1: Foul Ball, location: 2F
3-2: Base on Balls
Batting: RHB Chad Case 0-0: Ball
1-0: SINGLE (Line Drive, 7S)
Yasuhiro Ikarashi scores
León Rivera to third
Zhi-huan Loong to second
Runner from 3rd tries for Home, SAFE, no throw
Pitching: RHP Bartolo Rodríguez
Batting: LHB José Torres 0-0: Ball
1-0: Ball
2-0: Ball
3-0: Called Strike
3-1: Foul Ball, location: 2F
3-2: Base on Balls
Zhi-huan Loong to third
Chad Case to second
Batting: RHB Jesús Villalobos 0-0: Swinging Strike
0-1: Grounds into fielders choice 1-2 (Groundball, 13)
Chad Case to third
José Torres to second
Batting: RHB Francisco Rincón 0-0: Ball
1-0: Fly out, F4 (Popup, 4D)
Bottom of the 6th over - 4 run(s), 4 hit(s), 0 error(s), 3 left on base; Trenton 3 - Havana 11
TOP OF THE 7TH
Trenton Stars batting - Pitching for Havana Rollers : LHP Dennis Taylor
Pitching: LHP Dave Miller
Batting: LHB Jeff Gordon 0-0: Called Strike
0-1: Ball
1-1: Swinging Strike
1-2: Strikes out swinging
Batting: RHB Gabriel Villegas 0-0: Fly out, F7 (Flyball, 7)
Batting: RHB Kenji Murayama 0-0: Ground out 6-3 (Groundball, 6)
Top of the 7th over - 0 run(s), 0 hit(s), 0 error(s), 0 left on base; Trenton 3 - Havana 11
BOTTOM OF THE 7TH
Havana Rollers batting - Pitching for Trenton Stars : RHP Bartolo Rodríguez
Batting: SHB Pepe Piña 0-0: Ball
1-0: Called Strike
1-1: Ball
2-1: Swinging Strike
2-2: Ball
3-2: Ground out 4-3 (Groundball, 34)
Batting: RHB Brant Sherman 0-0: Ball
1-0: Called Strike
1-1: DOUBLE (Line Drive, 89D)
Batting: SHB Yasuhiro Ikarashi 0-0: Called Strike
0-1: Swinging Strike
0-2: Foul Ball, location: 2F
0-2: Ball
1-2: Strikes out swinging
Batting: RHB León Rivera 0-0: Called Strike
0-1: Ball
1-1: SINGLE (Groundball, 56D)
Brant Sherman to third
Runner from 3rd tries for Home, SAFE, no throw
Batting: LHB Zhi-huan Loong 0-0: Ball
1-0: Ball
2-0: Ball
3-0: Base on Balls
León Rivera to second
Batting: RHB Chad Case 0-0: Ball
1-0: Ball
2-0: Foul Ball, location: 2F
2-1: Ball
3-1: Foul Ball, location: 2F
3-2: Strikes out swinging
Bottom of the 7th over - 1 run(s), 2 hit(s), 0 error(s), 2 left on base; Trenton 3 - Havana 12
TOP OF THE 8TH
Trenton Stars batting - Pitching for Havana Rollers : LHP Dave Miller
Batting: SHB Nick Marshall 0-0: Ball
1-0: Ball
2-0: Fly out, F9 (Flyball, 89D)
Batting: RHB Leonardo Pinto 0-0: Foul Ball, location: 2F
0-1: Swinging Strike
0-2: Ball
1-2: Ground out 4-3 (Groundball, 4)
Batting: RHB Randy Simons 0-0: Swinging Strike
0-1: Swinging Strike
0-2: Strikes out swinging
Top of the 8th over - 0 run(s), 0 hit(s), 0 error(s), 0 left on base; Trenton 3 - Havana 12
BOTTOM OF THE 8TH
Havana Rollers batting - Pitching for Trenton Stars : RHP Bartolo Rodríguez
Pitching: RHP Jonathan Booker
Batting: LHB José Torres 0-0: Called Strike
0-1: Ball
1-1: Foul Ball, location: 2F
1-2: Ball
2-2: Ground out 4-3 (Groundball, 4M)
Batting: RHB Jesús Villalobos 0-0: Called Strike
0-1: Ball
1-1: Foul Ball, location: 2F
1-2: Ball
2-2: Ball
3-2: Foul Ball, location: 2F
3-2: Base on Balls
Batting: RHB Francisco Rincón 0-0: Called Strike
0-1: Called Strike
0-2: Ball
1-2: Grounds into double play, 4-6-3 (Groundball, 4)
Bottom of the 8th over - 0 run(s), 0 hit(s), 0 error(s), 0 left on base; Trenton 3 - Havana 12
TOP OF THE 9TH
Trenton Stars batting - Pitching for Havana Rollers : LHP Dave Miller
Batting: RHB Rafael Canales 0-0: Called Strike
0-1: Ground out 6-3 (Groundball, 6)
Batting: LHB Ricardo Brandariz 0-0: Ball
1-0: Ball
2-0: Foul Ball, location: 2F
2-1: SINGLE (Groundball, 6D)
Batting: RHB Jesús Dávila 0-0: Foul Ball, location: 2F
0-1: Fly out, F4 (Popup, 34D)
Batting: LHB Jeff Gordon 0-0: Ball
1-0: Swinging Strike
1-1: Hit by Pitch
Ricardo Brandariz to second
Batting: RHB Gabriel Villegas 0-0: Ball
1-0: Ball
2-0: Foul Ball, location: 2F
2-1: Ball
3-1: Swinging Strike
3-2: Foul Ball, location: 2F
3-2: Strikes out swinging
Top of the 9th over - 0 run(s), 1 hit(s), 0 error(s), 2 left on base; Trenton 3 - Havana 12
Tuesday, August 8th, 2017 - OOTP Baseball 17.12 Build 75